 Dungeon Crawl Stone Soup version 0.21.0-30-g47ce8e4 (webtiles) character file.

367 tidbits the Sneak (level 6, -19/44 HPs)
             Began as a Gnoll Enchanter on Jan 29, 2018.
             Demolished by a two-headed ogre
             ... wielding a +0 giant club
              (26 damage)
             ... on level 4 of the Dungeon.
             The game lasted 00:09:33 (1452 turns).

tidbits the Sneak (Gnoll Enchanter)                 Turns: 1452, Time: 00:09:34

Health: -19/44     AC:  5    Str: 11    XL:     6   Next: 69%
Magic:  6/14       EV: 14    Int: 19    God:
Gold:   110        SH:  0    Dex: 15    Spells: 6/15 levels left

rFire    . . .     SeeInvis .   a - +1 dagger
rCold    . . .     Gourm    .   (no shield)
rNeg     . . .     Faith    .   B - +0 leather armour (curse)
rPois    +         Spirit   .   E - +1 helmet
rElec    .         Reflect  .   (no cloak)
rCorr    +         Harm     .   (no gloves)
MR       .....                  (no boots)
Stlth    +++.......             (no amulet)
HPRegen  0.14/turn              j - ring of resist corrosion
MPRegen  0.14/turn              w - ring of poison resistance

@: no status effects
A: distributed training, fangs 1, strong nose
a: no special abilities


You were on level 4 of the Dungeon.
You were not hungry.

You visited 2 branches of the dungeon, and saw 6 of its levels.

You collected 110 gold pieces.

Inventory:

Hand Weapons
 a - a +1 dagger (weapon)
 f - a +0 hunting sling
 m - a +0 flail
 o - a +0 hunting sling
 y - a +1 hunting sling of velocity
   (You found it on level 4 of the Dungeon)
 A - a +0 hand axe of venom
   (You took it off an orc on level 4 of the Dungeon)
Missiles
 h - 10 poisoned needles
 p - 39 stones (quivered)
 C - 20 arrows
Armour
 b - a +0 robe
 B - a cursed +0 leather armour (worn)
 E - a +1 helmet (worn)
Jewellery
 j - a ring of resist corrosion (left hand)
   (You found it on level 1 of the Dungeon)
 w - a ring of poison resistance (right hand)
   (You found it on level 2 of the Dungeon)
Wands
 u - a wand of acid (6)
Scrolls
 i - a scroll of amnesia
 k - 3 scrolls of blinking
 l - 5 scrolls of remove curse
 n - a scroll of immolation
 r - a scroll of enchant armour
 v - 2 scrolls of identify
Potions
 e - a potion of haste {unknown}
 g - 3 potions of degeneration {unknown}
 q - a potion of resistance {unknown}
 s - a potion of berserk rage {unknown}
 t - a potion of brilliance {unknown}
 x - a potion of curing {unknown}
 z - a potion of lignification {unknown}
 D - a potion of flight {unknown}
 F - a potion of heal wounds {unknown}
 G - a potion of mutation {unknown}
Books
 c - a book of Maledictions

   Spells                             Type                      Level
   a - Corona                         Hexes                        1
   b - Ensorcelled Hibernation        Hexes/Ice                    2
   c - Confuse                        Hexes                        3
   d - Tukima's Dance                 Hexes                        3
   e - Dazzling Spray                 Conjuration/Hexes            3
Comestibles
 d - 5 rations


   Skills:
 + Level 2.0 Fighting
 + Level 3.3 Short Blades
 + Level 2.0 Long Blades
 + Level 2.0 Axes
 + Level 2.0 Maces & Flails
 + Level 2.0 Polearms
 + Level 2.0 Staves
 + Level 2.0 Slings
 + Level 2.0 Bows
 + Level 2.0 Crossbows
 + Level 2.0 Throwing
 + Level 2.0 Armour
 + Level 5.0 Dodging
 + Level 6.3 Stealth
 + Level 2.0 Shields
 + Level 2.0 Unarmed Combat
 + Level 5.4 Spellcasting
 + Level 1.6 Conjurations
 + Level 5.7 Hexes
 + Level 1.6 Charms
 + Level 1.6 Summonings
 + Level 1.6 Necromancy
 + Level 1.6 Translocations
 + Level 1.6 Transmutations
 + Level 1.6 Fire Magic
 + Level 1.6 Ice Magic
 + Level 1.6 Air Magic
 + Level 1.6 Earth Magic
 + Level 1.6 Poison Magic
 + Level 2.2 Invocations
 + Level 2.0 Evocations


You had 6 spell levels left.
You knew the following spells:

 Your Spells              Type           Power        Failure   Level  Hunger
a - Corona                Hex            ####...      1%          1    None
c - Confuse               Hex            ####....     4%          3    ##.....
d - Dazzling Spray        Conj/Hex       ###...       11%         3    ##.....
e - Ensorcelled Hibernat  Hex/Ice        ###...       5%          2    None


Dungeon Overview and Level Annotations

Branches:
Dungeon (5/15)             Temple (1/1) D:4

Altars:
Ashenzari
Hepliaklqana
Kikubaaqudgha
Nemelex Xobeh
Okawaru
Qazlal
Trog
Uskayaw
Vehumet
Wu Jian
Xom
Yredelemnul
Zin
The Shining One


Innate Abilities, Weirdness & Mutations

Your experience applies equally to all skills.
You have very sharp teeth.
Your uncanny sense of smell can sniff out nearby items.


Message History

You kill the frilled lizard!
You see here a frilled lizard corpse.
You butcher the frilled lizard corpse.
Things that are here:
a chunk of flesh; a frilled lizard skeleton Eat a chunk of flesh? (ye/n/q)
You eat the chunk of flesh.
This raw flesh tastes terrible.
You are feeling hungry.
Press: ? - help, v - describe, . - travel The floor.
You see here 7 gold pieces.
You now have 74 gold pieces (gained 7).
There is a stone staircase leading up here.
You climb upwards.
Found 9 sling bullets.
Found a stone staircase leading up.
There is a stone staircase leading down here.
Unknown command.
Found a puce potion.
Found a bloodstained altar of Trog.
You see here a puce potion.
D - a puce potion
There is a stone staircase leading down here.
You climb downwards.
There is a stone staircase leading up here.
Unknown command.
You see here 12 gold pieces.
You now have 86 gold pieces (gained 12).
You see here 13 gold pieces.
You now have 99 gold pieces (gained 13).
An adder comes into view.
Found 12 sling bullets.
The helpless adder fails to defend itself.
You impale the adder!!
You kill the adder!
Found a ration.
Found an iron altar of Okawaru.
You see here a ration.
There isn't anything to butcher here.
Okay, then.
You eat the ration.
That ration really hit the spot!
You see here 11 gold pieces.
You now have 110 gold pieces (gained 11).
You see here a glowing dark potion.
F - a glowing dark potion
There is a stone staircase leading down here.
You climb downwards.
There is a stone staircase leading up here.
Unknown command.
You see here a runed chain mail.
Found a dyed leather armour.
Found a stone staircase leading down.
You see here a dyed leather armour.
G - a dyed leather armour Wear which item? (? for menu, Esc to quit)
You start removing your armour.
You continue taking off your +0 robe. x4
You finish taking off your +0 robe.
You start putting on your armour.
You continue putting on your dyed leather armour. x5
You finish putting on your cursed +0 leather armour.
Oops, that feels deathly cold.
Adjust (i)tems, (s)pells, or (a)bilities?
Adjust which item? (? for menu, Esc to quit)
G - a cursed +0 leather armour (worn)
Adjust to which letter? (? for menu, Esc to quit)
B - a cursed +0 leather armour (worn);
G - a murky blue potion
Found 21 arrows.
A two-headed ogre comes into view.
It is wielding a giant club and a giant spiked club.
There is a stone staircase leading down here.
The two-headed ogre shouts in stereo!
Casting: Confuse
Confirm with . or Enter, or press ? or * to list all spells.
Aiming: Ensorcelled Hibernation
Press: ? - help, Shift-Dir - straight line, f - two-headed ogre
Aim: a two-headed ogre, wielding a giant club and a giant spiked club (chance to defeat MR: 32%)
The two-headed ogre easily resists.
Casting: Ensorcelled Hibernation
Confirm with . or Enter, or press ? or * to list all spells.
Aiming: Ensorcelled Hibernation
Press: ? - help, Shift-Dir - straight line, f/p - two-headed ogre
Aim: a two-headed ogre, wielding a giant club and a giant spiked club (chance to defeat MR: 32%)
The two-headed ogre easily resists.
The two-headed ogre hits you with a giant club!
The two-headed ogre hits you with a giant spiked club!!
Ouch! That really hurt!
* * * LOW HITPOINT WARNING * * *
Casting: Ensorcelled Hibernation
Confirm with . or Enter, or press ? or * to list all spells.
Aiming: Ensorcelled Hibernation
Press: ? - help, Shift-Dir - straight line, f/p - two-headed ogre
Aim: a two-headed ogre, wielding a giant club and a giant spiked club (chance to defeat MR: 32%)
The two-headed ogre easily resists.
Casting: Ensorcelled Hibernation
Confirm with . or Enter, or press ? or * to list all spells.
Aiming: Ensorcelled Hibernation
Press: ? - help, Shift-Dir - straight line, f/p - two-headed ogre
Aim: a two-headed ogre, wielding a giant club and a giant spiked club (chance to defeat MR: 32%)
The two-headed ogre easily resists.
The two-headed ogre misses you.
The two-headed ogre hits you with a giant spiked club!!
Ouch! That really hurt!
You die...

#.. ...... #..# ###....#
#..# ......# # #...
.....# .. #..#
###.#..####.## #..#
#.#.#.........
#####..####.#.>....(....
........................
#####..####.#...@O......
#####...................
.......####.#.#..####.##
#####.## #.#.#..# # #.#
#.#...... .. #.#
#.#.#...###.# #.#
#.#.#...# #.# #.# #
#...# #.# #####.#####
#...# #.#


You could see a two-headed ogre.

Vanquished Creatures
  Grinder (D:3)
  A bullfrog zombie (D:5)
  A centaur skeleton (D:4)
  A hound skeleton (D:5)
  Robin (D:3)
  3 gnolls
  2 adders (D:3)
  A worm (D:2)
  A dart slug (D:1)
  4 orcs
  3 bats
  A giant cockroach (D:3)
  11 goblins
  6 hobgoblins
  4 kobolds
  3 frilled lizards
  A rat (D:1)
45 creatures vanquished.

Notes
Turn   | Place    | Note
-------+----------+-------------------------------------------
     0 | D:1      | tidbits the Gnoll Enchanter began the quest for the Orb.
     0 | D:1      | Reached XP level 1. HP: 13/13 MP: 6/6
   137 | D:1      | Reached XP level 2. HP: 16/19 MP: 7/7
   146 | D:1      | Learned a level 2 spell: Ensorcelled Hibernation
   369 | D:2      | Reached XP level 3. HP: 25/25 MP: 6/9
   374 | D:2      | Learned a level 3 spell: Confuse
   378 | D:2      | Learned a level 3 spell: Dazzling Spray
   390 | D:2      | Reached skill level 5 in Spellcasting
   409 | D:2      | Reached skill level 6 in Stealth
   417 | D:2      | Reached skill level 1 in Invocations
   439 | D:3      | Noticed Grinder
   468 | D:3      | Reached skill level 1 in Fighting
   468 | D:3      | Reached skill level 1 in Long Blades
   468 | D:3      | Reached skill level 1 in Axes
   468 | D:3      | Reached skill level 1 in Maces & Flails
   468 | D:3      | Reached skill level 1 in Polearms
   468 | D:3      | Reached skill level 1 in Staves
   468 | D:3      | Reached skill level 1 in Slings
   468 | D:3      | Reached skill level 1 in Bows
   468 | D:3      | Reached skill level 1 in Crossbows
   468 | D:3      | Reached skill level 1 in Throwing
   468 | D:3      | Reached skill level 1 in Armour
   468 | D:3      | Reached skill level 1 in Shields
   468 | D:3      | Reached skill level 1 in Unarmed Combat
   468 | D:3      | Reached skill level 1 in Evocations
   468 | D:3      | Reached XP level 4. HP: 24/32 MP: 2/11
   555 | D:3      | Noticed Robin
   679 | D:3      | Found a hazy altar of Hepliaklqana.
   679 | D:3      | Found a basalt altar of Yredelemnul.
   692 | D:3      | Killed Robin
   706 | D:3      | Reached skill level 1 in Conjurations
   706 | D:3      | Reached skill level 1 in Charms
   706 | D:3      | Reached skill level 1 in Summonings
   706 | D:3      | Reached skill level 1 in Necromancy
   706 | D:3      | Reached skill level 1 in Translocations
   706 | D:3      | Reached skill level 1 in Transmutations
   706 | D:3      | Reached skill level 1 in Fire Magic
   706 | D:3      | Reached skill level 1 in Ice Magic
   706 | D:3      | Reached skill level 1 in Air Magic
   706 | D:3      | Reached skill level 1 in Earth Magic
   706 | D:3      | Reached skill level 1 in Poison Magic
   758 | D:2      | Found an ornate altar of the Wu Jian Council.
   896 | D:5      | Entered Level 5 of the Dungeon
   934 | D:5      | Reached XP level 5. HP: 26/37 MP: 10/12
  1082 | D:4      | Found a staircase to the Ecumenical Temple.
  1088 | Temple   | Entered the Ecumenical Temple
  1170 | D:4      | Reached skill level 3 in Short Blades
  1245 | D:3      | Paralysed by Grinder for 7 turns
  1257 | D:3      | Killed Grinder
  1257 | D:3      | Reached skill level 2 in Fighting
  1257 | D:3      | Reached skill level 2 in Long Blades
  1257 | D:3      | Reached skill level 2 in Axes
  1257 | D:3      | Reached skill level 2 in Maces & Flails
  1257 | D:3      | Reached skill level 2 in Polearms
  1257 | D:3      | Reached skill level 2 in Staves
  1257 | D:3      | Reached skill level 2 in Slings
  1257 | D:3      | Reached skill level 2 in Bows
  1257 | D:3      | Reached skill level 2 in Crossbows
  1257 | D:3      | Reached skill level 2 in Throwing
  1257 | D:3      | Reached skill level 2 in Armour
  1257 | D:3      | Reached skill level 5 in Dodging
  1257 | D:3      | Reached skill level 2 in Shields
  1257 | D:3      | Reached skill level 2 in Unarmed Combat
  1257 | D:3      | Reached skill level 2 in Invocations
  1257 | D:3      | Reached skill level 2 in Evocations
  1257 | D:3      | Reached XP level 6. HP: 29/44 MP: 3/14
  1271 | D:2      | Found a bloodstained altar of Trog.
  1314 | D:3      | Found an iron altar of Okawaru.
  1445 | D:4      | Noticed a two-headed ogre
  1452 | D:4      | Demolished by a two-headed ogre

Skill      XL: |  1  2  3  4  5 |
---------------+----------------+-----
Spellcasting   | 5 |  5.4
Stealth        | 6 |  6.3
Invocations    | 1 2 |  2.2
Fighting       | 1 2 |  2.0
Long Blades    | 1 2 |  2.0
Axes           | 1 2 |  2.0
Maces & Flails | 1 2 |  2.0
Polearms       | 1 2 |  2.0
Staves         | 1 2 |  2.0
Slings         | 1 2 |  2.0
Bows           | 1 2 |  2.0
Crossbows      | 1 2 |  2.0
Throwing       | 1 2 |  2.0
Armour         | 1 2 |  2.0
Shields        | 1 2 |  2.0
Unarmed Combat | 1 2 |  2.0
Evocations     | 1 2 |  2.0
Conjurations   | 1 |  1.6
Charms         | 1 |  1.6
Summonings     | 1 |  1.6
Necromancy     | 1 |  1.6
Translocations | 1 |  1.6
Transmutations | 1 |  1.6
Fire Magic     | 1 |  1.6
Ice Magic      | 1 |  1.6
Air Magic      | 1 |  1.6
Earth Magic    | 1 |  1.6
Poison Magic   | 1 |  1.6
Short Blades   | 3 |  3.3
Dodging        | 5 |  5.0
Hexes          | |  5.7

Action                   |  1- 3 |  4- 6 || total
-------------------------+-------+-------++-------
Melee: Dagger            |    42 |    68 ||   110
       Bite              |     3 |    10 ||    13
 Cast: Corona            |     5 |     4 ||     9
       Ensorcelled Hiber |    10 |    16 ||    26
       Confuse           |       |     6 ||     6
Evoke: Wand              |       |     2 ||     2
  Use: Scroll            |       |     6 ||     6
 Stab: Sleeping          |    12 |    13 ||    25
       Confused          |       |     2 ||     2
  Eat: Ration            |       |     1 ||     1
       Chunk             |       |     1 ||     1
Armor: Robe              |       |    16 ||    16
Dodge: Dodged            |    28 |    50 ||    78

Table legend:
 A = Turns spent in this place as a percentage of turns spent in the entire game.
 B = Non-inter-level travel turns spent in this place as a percentage of non-inter-level travel turns spent in the entire game.
 C = Inter-level travel turns spent in this place as a percentage of turns spent in this place.
 D = Turns resting spent in this place as a percentage of non-inter-level travel turns spent in this place.
 E = Turns spent auto-exploring this place as a percentage of non-inter-level travel turns spent in this place.
 F = Non-inter-level travel turns spent in this place divided by the number of levels of this place that you've seen.
                   A       B       C       D       E      F
               +-------+-------+-------+-------+-------+----------------------
         Total | 100.0 | 100.0 |   5.9 |   0.0 |   0.0 | 227.7
       Dungeon |  96.1 |  95.8 |   6.2 |   0.0 |   0.0 | 261.8
        Temple |   3.9 |   4.2 |   0.0 |   0.0 |   0.0 |  57.0
               +-------+-------+-------+-------+-------+----------------------

Table legend:
 A = Kills in this place as a percentage of kills in entire the game.
 B = Kills by you in this place as a percentage of kills by you in the entire game.
 C = Kills by friends in this place as a percentage of kills by friends in the entire game.
 D = Other kills in this place as a percentage of other kills in the entire game.
 E = Experience gained in this place as a percentage of experience gained in the entire game.
 F = Experience gained in this place divided by the number of levels of this place that you have seen.
                   A       B       C       D       E      F
               +-------+-------+-------+-------+-------+----------------------
         Total | 100.0 | 100.0 |   N/A |   N/A | 100.0 |  87.5
       Dungeon | 100.0 | 100.0 |   N/A |   N/A | 100.0 | 105.0
               +-------+-------+-------+-------+-------+----------------------

Vault maps used:
D:1:      dpeg_arrival_prison
D:2:      lemuel_doored_altar, nicolae_overflow_hidden_temple,
          chequers_ecumenical_altar_simple_redux, serial_park_tiny_2
D:3:      grunt_gozag_breadcrumbs, lemuel_coloured_pillars_altar,
          cheibriados_altar_1, gammafunk_temple_overflow_elements, uniq_grinder,
          uniq_robin
D:4:      minmay_temple_entry_enclosed_plants, uniq_natasha, uniq_blork_the_orc
D:5:      lemuel_round_altar, first_ration
Temple:   compressed_dpeg_triangle_lava_temple
